 Dungeon Crawl Stone Soup version 0.29.1-1-gd02db6906a (webtiles) character file.

Game seed: 10832644758237071782

303 Ashen the Chiller (level 6, 46/46 HPs)
             Began as a Demonspawn Ice Elementalist on Sept 15, 2022.
             Got out of the dungeon alive.
             The game lasted 00:06:18 (3332 turns).

Ashen the Chiller (Demonspawn Ice Elementalist)     Turns: 3332, Time: 00:06:18

Health: 46/46      AC:  5    Str:  9    XL:     6   Next: 15%
Magic:  10/10      EV: 12    Int: 18    God:
Gold:   65         SH:  0    Dex: 13    Spells: 7/11 levels left

rFire   . . .      SeeInvis .   o - +0 dagger (elec)
rCold   + . .      Faith    .   (no shield)
rNeg    . . .      Spirit   .   e - +0 animal skin
rPois   .          Reflect  .   m - +2 helmet
rElec   .          Harm     .   (no cloak)
rCorr   .          Rampage  .   (no gloves)
Will    .....                   (no boots)
Stlth   ++........              (no amulet)
HPRegen 0.15/turn               h - ring of protection from cold
MPRegen 0.12/turn               (no ring)

@: no status effects
A: hooves 2, powered by death 1, spiny 2
a: no special abilities


You escaped.
You visited 1 branch of the dungeon, and saw 4 of its levels.

You collected 143 gold pieces.
You spent 78 gold pieces at shops.

Inventory:

Hand Weapons
 o - a +0 dagger of electrocution (weapon)
Armour
 e - a +0 animal skin (worn)
 m - a +2 helmet (worn)
Jewellery
 h - a ring of protection from cold (left hand)
 u - a ring of resist corrosion
Scrolls
 d - a scroll of vulnerability {unknown}
 f - a scroll of enchant weapon {unknown}
 g - a scroll of silence {unknown}
 i - 3 scrolls of identify {unknown}
 k - a scroll of magic mapping {unknown}
 n - a scroll of immolation {unknown}
 s - a scroll of acquirement {unknown}
 t - 2 scrolls of teleportation {unknown}
Potions
 a - a potion of mutation {unknown}
 b - a potion of magic
 c - a potion of resistance {unknown}
 j - 2 potions of lignification
 l - a potion of haste {unknown}
 p - a potion of flight
 q - 2 potions of attraction {unknown}
 r - a potion of ambrosia {unknown}


   Skills:
 + Level 2.5 Fighting
 + Level 3.0 Dodging
 + Level 3.1 Stealth
 + Level 3.2 Spellcasting
 + Level 4.4 Ice Magic


You had 7 spell levels left.
You knew the following spells:

 Your Spells              Type           Power      Damage    Failure   Level
a - Freeze                Ice            72%        1d9       2%          1
b - Frozen Ramparts       Ice            36%        1d6       8%          3

Your spell library contained the following spells:

 Spells                   Type           Power      Damage    Failure   Level
 Ozocubu's Armour         Ice            18%        N/A       8%          3
 Hailstorm                Conj/Ice       10%        3d5       54%         4


Dungeon Overview and Level Annotations

Branches:
Dungeon (4/15)
 Temple: D:4-7

Altars:
Fedhas
Kikubaaqudgha
Nemelex Xobeh
Wu Jian

Shops:
D:1 [   D:2 !


Innate Abilities, Weirdness & Mutations

You have hoof-like feet.
You regenerate a little health from kills.
You are mostly covered in sharp spines.


Message History

Natasha stares at you and mumbles some strange words.
The magic dart hits you but does no damage.
You barely miss Natasha.
Natasha is severely wounded.
The crimson imp misses you.
You touch Natasha.
Natasha is almost dead.
Natasha casts a spell.
The crimson imp misses you.
You touch Natasha.
You kill Natasha!
Natasha screams in fury as she dies!
The crimson imp disappears in a puff of smoke!
The shadow imp disappears in a puff of smoke!
Your transformation is almost over.
Things that are here:
a +0 club; a +0 dagger; the felid corpse of Natasha You condense into your normal self.
Your +0 dagger of electrocution unmelds from your body.
Your +2 helmet unmelds from your body.
Your +0 animal skin unmelds from your body.
Your ring of protection from cold unmelds from your body.
You hear the crackle of electricity.
HP restored.
Done exploring.
Done exploring.
(D) Dungeon
Where to? (Enter - D:1, ? - help)
You see here a +0 club.
There is a stone staircase leading up here.
You climb upwards.
There is a stone staircase leading down here.
You enter the shallow water.
Moving in this stuff is going to be slow.
There is a large open door here.
There is a fountain of clear blue water here.
There is a large open door here.
There is a staircase leading out of the dungeon here.
Are you sure you want to leave the Dungeon?
This will make you lose the game!
You have escaped!

.....~≈≈≈≈≈≈≈≈≈≈≈≈≈≈≈≈≈≈≈≈≈~....#
.....≈≈≈≈≈≈≈≈≈≈≈≈≈≈≈≈≈≈≈≈≈≈~....#
.....~≈≈#+#+#≈≈≈≈≈≈≈#+#+#≈≈~....#
.#...~~≈+...##+###+##..>+≈≈~....#
##...~≈≈+...'.......'...+≈≈~....#
.....~≈≈#+###.#####.###+#≈≈~....#
.#...≈≈≈≈≈+...#...#...#≈≈≈~.....#
.#...~~~≈≈#.###...'.⌠.'≈~≈.)⌠...#
.#...≈≈≈≈≈#.###.@.'.⌠.'~≈~..⌠...#
(....~≈≈≈≈'...#...#...#≈≈~~.....#
.....~≈≈#'###.#####.#'#'#~≈~....#
.....~≈≈+...#.......#...+≈≈~....#
.....~≈≈+(..##+###'##...+≈≈~....#
.....~≈≈#+#+#≈≈≈≈≈≈≈#+#+#≈≈≈....#
.....≈≈≈≈≈≈≈≈≈≈≈≈≈≈≈≈≈≈≈≈≈≈≈....#
##...~≈≈≈≈≈≈≈≈≈≈≈≈≈≈≈≈≈≈≈≈≈~....#
##...~~~~~~~~~~~≈≈~~≈≈~~~~≈~....#


There were no monsters in sight!

Vanquished Creatures
  2 scorpions
  Natasha (D:2)
  Robin (D:2)
  5 adders
  2 worms
  A dart slug (D:3)
  8 orcs (D:3)
  4 ball pythons
  6 endoplasms
  2 giant cockroaches (D:1)
  15 goblins
  11 hobgoblins
  14 kobolds
  3 quokkas
  6 bats
  8 rats
89 creatures vanquished.

Notes
Turn   | Place    | Note
-------+----------+-------------------------------------------
     0 | D:1      | Ashen the Demonspawn Ice Elementalist began the quest for
                  | the Orb.
     0 | D:1      | Reached XP level 1. HP: 13/13 MP: 3/3
   346 | D:1      | Gained mutation: You have large cloven feet. [demonic
                  | ancestry]
   346 | D:1      | Reached XP level 2. HP: 18/20 MP: 1/5
   398 | D:1      | Found Jiqaj's Antique Armour Boutique.
  1304 | D:2      | Gained mutation: You are partially covered in sharp spines.
                  | [demonic ancestry]
  1304 | D:2      | Reached XP level 3. HP: 20/25 MP: 6/6
  1306 | D:2      | Reached skill level 1 in Fighting
  1480 | D:2      | Noticed Robin
  1504 | D:1      | Learned a level 3 spell: Frozen Ramparts
  1641 | D:2      | Killed Robin
  1642 | D:2      | Gained mutation: You have hoof-like feet. [demonic
                  | ancestry]
  1642 | D:2      | Reached XP level 4. HP: 12/32 MP: 2/7
  1734 | D:2      | Reached skill level 4 in Ice Magic
  1889 | D:2      | Noticed a scorpion
  1895 | D:2      | Killed a scorpion
  1896 | D:2      | Gained mutation: You are mostly covered in sharp spines.
                  | [demonic ancestry]
  1896 | D:2      | Reached XP level 5. HP: 23/38 MP: 3/9
  2268 | D:2      | Found Bosaemn's Distillery.
  2279 | D:2      | Bought a potion of lignification for 39 gold pieces
  2428 | D:2      | Bought a potion of flight for 39 gold pieces
  2503 | D:3      | Found an ancient bone altar of Kikubaaqudgha.
  2611 | D:3      | Found an ornate altar of the Wu Jian Council.
  2653 | D:3      | Found a blossoming altar of Fedhas.
  3032 | D:3      | Found a sparkling altar of Nemelex Xobeh.
  3140 | D:4      | Gained mutation: You regenerate a little health from kills.
                  | [demonic ancestry]
  3140 | D:4      | Reached XP level 6. HP: 45/46 MP: 8/10
  3230 | D:2      | Noticed Natasha
  3252 | D:2      | Killed Natasha
  3332 | D:$      | Got out of the dungeon alive.

Illustrated notes

Levels and vault maps discovered:
D:1:      dpeg_arrival_castle, layout_basic, serial_shops, shop, nrook_campfire,
          hangedman_decor_lopped, hangedman_decor_points
D:2:      layout_basic, serial_shops, shop, uniq_robin, uniq_natasha
D:3:      kb_forest_paths, layout_rooms, general_overflow_altar,
          nicolae_overflow_hidden_temple, fedhas_altar_4,
          nicolae_kikubaaqudgha_miasma_corner,
          mainiacjoe_overflow_surrounded_room, corner_web_ring
D:4:      layout_cave_pools

Skill      XL: |  1  2  3  4  5 |
---------------+----------------+-----
Stealth        | 2 3 |  3.1
Dodging        | 2 3 |  3.0
Fighting       | 1 2 |  2.5
Ice Magic      | 4 |  4.4
Spellcasting   | 3 |  3.2

Action                   |  1- 3 |  4- 6 || total
-------------------------+-------+-------++-------
Melee: Unarmed           |     6 |    18 ||    24
       Short sword       |    58 |       ||    58
       Kick              |    16 |    13 ||    29
       Dagger            |       |    56 ||    56
 Cast: Freeze            |    17 |    12 ||    29
       Frozen Ramparts   |     1 |     1 ||     2
  Use: Potion            |     2 |       ||     2
 Stab: Sleeping          |     6 |     8 ||    14
Armor: Robe              |    11 |     1 ||    12
       Animal skin       |       |    16 ||    16
       Skin              |       |     1 ||     1
Dodge: Dodged            |    62 |    35 ||    97
